Map: Orbital Shipyard

Players

Harstem - Winner!

  • Race: Protoss Protoss
  • League: Master

MaSa

  • Race: Terran Terran

Event: 2016 WCS Winter Circuit Championship

VOD

https://www.youtube.com/watch?v=4TMnZjTBoDo

Description

Time

  • Played on: March 2, 2016, 1:34 p.m.
  • Length: 14:23

All games in this series

Show
View Real Time Build Order
Export as new Build Order

Harstem Protoss - Winner!

Build Orders: 1 Gate Expand, Blink Stalkers 

Get SALT Encoding   

  12  0:01  Probe (Chrono Boost)  
  13  0:11  Probe (Chrono Boost)  
  14  0:17  Pylon  
  14  0:22  Probe (Chrono Boost)  
  15  0:36  Gateway, Probe (Chrono Boost)  
  16  0:46  Probe (Chrono Boost)  
  16  0:47  Assimilator  
  18  0:57  Probe (Chrono Boost)  
  18  1:07  Probe (Chrono Boost)  
  19  1:19  Nexus  
  19  1:28  Cybernetics Core  
  20  1:33  Probe (Chrono Boost)  
  20  1:38  Assimilator  
  20  1:43  Probe (Chrono Boost)  
  21  1:48  Pylon  
  21  1:54  Probe (Chrono Boost)  
  22  2:06  Mothership Core (Chrono Boost), Adept  
  26  2:16  Warp Gate  
  26  2:25  Probe (Chrono Boost)  
  27  2:31  Probe (Chrono Boost)  
  27  2:35  Probe (Chrono Boost)  
  29  2:40  Robotics Facility  
  29  2:42  Probe (Chrono Boost)  
  30  2:46  Probe (Chrono Boost)  
  31  2:52  Probe (Chrono Boost)  
  31  2:56  Probe (Chrono Boost)  
  31  2:58  Twilight Council  
  33  3:03  Probe (Chrono Boost)  
  34  3:07  Probe (Chrono Boost)  
  35  3:13  Probe (Chrono Boost)  
  35  3:19  Probe (Chrono Boost)  
  37  3:20  Gateway  
  37  3:21  Gateway  
  37  3:23  Probe (Chrono Boost)  
  38  3:27  Blink (Chrono Boost)  
  38  3:28  Observer (Chrono Boost)  
  38  3:30  Probe  
  38  3:31  Pylon  
  38  3:32  Probe  
  41  3:42  Probe  
  41  3:43  Probe  
  41  3:47  Pylon  
  43  3:54  Probe  
  44  3:58  Observer (Chrono Boost)  
  45  4:05  Probe  
  45  4:07  Nexus  
  45  4:08  Pylon  
  45  4:09  Probe  
  47  4:20  Stalker x2  
  47  4:21  Stalker  
  47  4:22  Probe (Chrono Boost)  
  54  4:25  Probe (Chrono Boost)  
  54  4:27  Assimilator  
  54  4:30  Pylon  
  55  4:34  Probe (Chrono Boost)  
  55  4:36  Assimilator  
  56  4:41  Probe (Chrono Boost)  
  56  4:43  Stalker x2  
  62  4:45  Probe (Chrono Boost)  
  62  4:54  Warp Prism (Chrono Boost), Probe (Chrono Boost)  
  62  4:56  Probe  
  66  5:04  Stalker  
  66  5:05  Pylon  
  69  5:08  Probe  
  69  5:10  Stalker  
  69  5:11  Stalker  
  73  5:19  Probe (Chrono Boost)  
  73  5:20  Probe (Chrono Boost)  
  75  5:29  Stalker  
  75  5:30  Probe (Chrono Boost)  
  75  5:32  Probe (Chrono Boost)  
  75  5:33  Resonating Glaives, Probe (Chrono Boost)  
  75  5:35  Stalker x2  
  84  5:41  Observer, Probe (Chrono Boost)  
  86  5:43  Probe (Chrono Boost)  
  86  5:45  Probe (Chrono Boost)  
  86  5:46  Pylon  
  88  5:51  Forge, Probe (Chrono Boost)  
  88  5:55  Adept  
  91  6:00  Adept x2  
  91  6:03  Probe (Chrono Boost)  
  91  6:04  Pylon  
  97  6:05  Probe (Chrono Boost)  
  97  6:09  Pylon  
  97  6:11  Pylon, Probe (Chrono Boost)  
  98  6:16  Probe (Chrono Boost)  
  97  6:20  Immortal (Chrono Boost)  
  100  6:27  Stalker x3  
  106  6:35  Protoss Ground Weapons Level 1 (Chrono Boost)  
  105  6:41  Gateway  
  105  6:43  Gateway  
  104  6:50  Gateway  
  104  6:53  Adept, Sentry  
  104  6:54  Gateway, Adept  
  114  7:01  Immortal (Chrono Boost)  
  114  7:04  Pylon  
  114  7:07  Probe x2  
  114  7:08  Probe  
  115  7:15  Adept x2  
  115  7:19  Probe  
  120  7:27  Adept  
  120  7:29  Pylon  
  122  7:32  Pylon  
  122  7:34  Gateway  
  126  7:37  Immortal (Chrono Boost)  
  126  7:38  Gateway  
  126  7:39  Pylon  
  126  7:40  Adept x4  
  134  7:44  Pylon  
  134  7:51  Adept, Sentry  
  138  7:59  Probe  
  138  8:01  Dark Shrine  
  138  8:05  Adept x4  
  146  8:07  Pylon  
  146  8:11  Adept x2  
  150  8:13  Pylon  
  150  8:17  Adept  
  152  8:26  Protoss Ground Armor Level 1 (Chrono Boost), Adept  
  152  8:27  Adept x3  
  157  8:34  Adept x2  
  163  8:36  Adept  
  165  8:43  Adept  
  165  8:47  Pylon  
  163  8:53  Adept x3, Sentry  
  171  9:02  Adept x3  
  175  9:14  Dark Templar  
  175  9:15  Zealot x3  
  183  9:21  Dark Templar  
  185  9:28  Adept x3  
  131  9:44  Adept x3  
  131  9:45  Probe x2 (Chrono Boost)  
  131  9:46  Probe (Chrono Boost)  
  131  9:47  Assimilator  
  131  9:50  Forge  
  131  9:52  Warp Prism (Chrono Boost)  
  130  9:55  Adept x3  
  130  9:56  Stalker  
  130  9:58  Nexus, Assimilator  
  130  9:59  Pylon  
  140  10:03  Stalker  
  142  10:12  Stalker x3  
  142  10:13  Pylon  
  148  10:20  Pylon, Stalker  
  148  10:21  Stalker  
  152  10:26  Adept x2  
  156  10:33  Stalker x2  
  156  10:37  Adept x2  
  158  10:45  Adept  
  158  10:46  Sentry  
  158  10:47  Adept x2  
  166  10:59  Stalker x4  
  174  11:04  Protoss Ground Armor Level 2 (Chrono Boost)  
  174  11:09  Photon Cannon, Probe  
  173  11:12  Adept  
  173  11:17  Dark Templar  
  177  11:24  Dark Templar  
  179  11:39  Protoss Ground Weapons Level 2 (Chrono Boost)  
  159  11:41  Adept  
  159  11:42  Adept x6  
  163  11:50  Probe  
  163  11:52  Probe  
  163  11:53  Pylon  
  165  11:58  Probe  
  165  11:59  Probe  
  165  12:01  Probe  
  167  12:04  Stalker x5  
  167  12:07  Pylon  
  178  12:11  Adept x2  
  182  12:23  Stalker x2  
  182  12:27  Dark Templar, Adept  
  182  12:28  Adept x2  
  194  12:36  Immortal (Chrono Boost)  
  194  12:52  Templar Archives  
  192  13:01  Adept x7  
  194  13:27  Adept x9  
  128  14:02  Dark Templar, Adept x4  
  132  14:03  Stalker x4  
Show
View Real Time Build Order
Export as new Build Order

MaSa Terran 

Build Orders: Reaper Expand, Bio Tank 

Get SALT Encoding   

  12  0:00  SCV  
  13  0:12  SCV  
  14  0:17  Supply Depot  
  14  0:24  SCV  
  15  0:39  SCV  
  15  0:40  Barracks  
  16  0:43  Refinery  
  16  0:51  SCV  
  17  1:03  SCV  
  18  1:15  SCV  
  19  1:27  Reaper, Orbital Command  
  20  1:40  Command Center  
  20  1:51  Barracks  
  20  1:55  SCV  
  20  1:59  Barracks Reactor  
  21  2:07  Supply Depot  
  21  2:09  SCV  
  22  2:21  SCV  
  22  2:22  Factory  
  23  2:32  Refinery  
  23  2:33  SCV  
  23  2:36  Marine x2  
  26  2:40  Barracks Tech Lab  
  26  2:45  SCV  
  27  2:54  Orbital Command  
  27  2:57  SCV  
  27  2:58  Marine x2  
  28  3:04  Stimpack  
  30  3:10  SCV  
  30  3:13  Marine  
  30  3:17  Marine x2  
  33  3:22  SCV  
  33  3:25  Starport  
  34  3:27  Widow Mine  
  34  3:30  SCV  
  34  3:32  Marine  
  38  3:36  Marine x2  
  38  3:38  SCV  
  41  3:42  Supply Depot  
  41  3:45  SCV  
  42  3:51  SCV  
  43  3:56  Widow Mine  
  43  3:57  SCV  
  46  4:04  SCV, Medivac  
  46  4:05  Supply Depot  
  46  4:06  Marine x2  
  46  4:09  SCV, Marine  
  53  4:14  Engineering Bay  
  53  4:17  Refinery  
  53  4:18  SCV  
  53  4:21  Liberator  
  54  4:25  Factory Tech Lab  
  54  4:27  SCV, Marine x2  
  54  4:30  Supply Depot, SCV  
  58  4:32  Marine  
  62  4:49  Missile Turret  
  62  4:52  Siege Tank, SCV, Marine x2  
  68  4:53  SCV  
  68  4:55  Marine  
  68  4:57  Supply Depot  
  68  4:59  Terran Infantry Weapons Level 1  
  69  5:09  Barracks  
  69  5:12  Barracks  
  69  5:13  SCV  
  70  5:17  SCV  
  70  5:19  Marine x3  
  70  5:26  Barracks  
  68  5:31  SCV x2  
  70  5:35  Starport Reactor  
  70  5:38  Siege Tank  
  70  5:40  Marine x2  
  70  5:41  Marine  
  76  5:45  SCV  
  77  5:51  Supply Depot  
  77  5:53  Supply Depot  
  77  5:54  Refinery  
  77  5:57  Barracks Reactor, Marine  
  77  6:01  Combat Shields, Barracks Reactor  
  78  6:05  Marine  
  78  6:13  Siege Tank, Marine  
  78  6:15  Marine  
  78  6:16  Barracks Tech Lab  
  78  6:17  Medivac  
  85  6:19  SCV x2  
  85  6:23  Marine  
  85  6:25  Supply Depot  
  88  6:29  Supply Depot  
  88  6:30  Marine  
  88  6:31  Medivac  
  91  6:33  Marine  
  91  6:36  Marine x2  
  94  6:43  Supply Depot  
  94  6:44  SCV, Marine x2  
  94  6:46  SCV, Marine x2  
  97  6:48  Siege Tank, Marine  
  97  6:51  Marine  
  97  6:52  Medivac  
  104  6:54  Marine  
  104  7:00  Supply Depot  
  104  7:01  Terran Infantry Armor Level 1  
  104  7:02  SCV  
  104  7:06  SCV  
  104  7:08  Marine x3  
  106  7:12  Medivac  
  110  7:16  Missile Turret  
  110  7:18  Marine x2  
  110  7:21  Liberator, Marine  
  113  7:27  Marine  
  113  7:28  Marine x3  
  113  7:29  Marine  
  117  7:33  Siege Tank  
  117  7:35  Marine  
  120  7:41  Marine x2  
  125  7:49  Supply Depot  
  125  7:53  Marine  
  126  7:59  Supply Depot  
  126  8:03  Liberator  
  126  8:08  Liberator  
  126  8:10  Marine x3  
  126  8:11  Marine x3  
  132  8:13  Supply Depot, Concussive Shells  
  132  8:16  Siege Tank  
  133  8:21  Marine x2  
  141  8:28  Marine  
  142  8:34  Marine x4  
  146  8:51  Marine x3  
  149  8:57  Siege Tank  
  149  9:00  Supply Depot  
  149  9:01  Supply Depot, Marine  
  150  9:05  Liberator x2  
  150  9:16  Marine x2  
  150  9:21  Marine x6  
  124  9:34  Marine x2  
  100  9:39  Marine x6  
  94  9:51  Siege Tank  
  94  9:52  Marine x2  
  99  9:56  Marine x4  
  103  10:02  Marine  
  103  10:04  Marine  
  103  10:05  Medivac x2  
  109  10:10  Marine x2  
  111  10:14  SCV x2, Marine  
  111  10:17  Armory  
  111  10:19  Marine x3  
  111  10:20  Marine  
  118  10:23  Marine  
  118  10:28  Marine x2  
  121  10:32  Marine  
  120  10:37  Marine x4  
  120  10:39  Orbital Command  
  120  10:40  Siege Tank  
  120  10:41  Marine  
  127  10:45  Marine  
  127  10:48  Marine  
  129  10:50  Marine  
  129  10:54  Marine  
  129  10:55  Marine  
  132  10:58  Marine x2  
  132  10:59  Marine  
  132  11:03  Marine  
  136  11:12  Liberator  
  136  11:14  Missile Turret  
  135  11:23  Marine x2  
  135  11:24  Marine  
  131  11:27  Siege Tank  
  131  11:31  Marine  
  131  11:32  Marine x3  
  141  11:39  Marine  
  118  11:41  Marine x3  
  100  11:49  Marine x3  
  100  11:50  Marine  
  104  11:55  Missile Turret  
  104  11:57  Marine  
  104  11:58  Terran Infantry Weapons Level 2  
  103  12:02  Marine x3  
  103  12:05  Liberator, Siege Tank  
  103  12:06  Liberator  
  103  12:07  Marine x2  
  111  12:09  Marine  
  111  12:10  Engineering Bay  
  111  12:14  Refinery  
  112  12:18  Marauder  
  117  12:25  Marine  
  117  12:29  Marauder  
  122  12:33  Supply Depot  
  122  12:34  Marine x2  
  122  12:36  Marine  
  125  12:48  Marine x2  
  125  12:51  Marine x3  
  125  12:53  Marine  
  128  13:00  Marine x2  
  128  13:04  Medivac  
  130  13:06  Medivac, Marine x2  
  130  13:09  Marine x3  
  132  13:13  Marine  
  133  13:24  Marine x3  
  133  13:26  Marine x2  
  133  13:27  Marine  
  106  13:28  Marine  
  106  13:30  Marine  
  91  13:36  Medivac  
  69  13:41  Marine  
  69  13:42  Marine  
  40  14:00  Marine  
Tags
 
Add a new tag
Caveats
  • Supply blocks, unpowered buildings, or Contaminate may cause inaccurate times.
  • Supply counts are checked every 10 seconds.